 Dungeon Crawl Stone Soup version 0.28-a0-578-g717728bcc0 (webtiles) character file.

Game seed: 17792188213015670456

19412 hfdsek the Geomancer (level 12, -11/72 HPs)
             Began as a Gargoyle Earth Elementalist on Oct 2, 2021.
             Was a Priest of Vehumet.
             Mangled by a manticore (14 damage)
             ... summoned by Kirke
             ... on level 12 of the Dungeon.
             The game lasted 00:37:12 (14656 turns).

hfdsek the Geomancer (Gargoyle Earth Elementalist) Turns: 14656, Time: 00:37:12

Health: -11/72     AC:  0    Str: 13    XL:     12   Next: 68%
Magic:  3/24       EV: 16    Int: 20    God:    Vehumet [***...]
Gold:   227        SH:  0    Dex: 10    Spells: 23/27 levels left

rFire   . . .      SeeInvis .   (weapon currently unavailable)
rCold   . . .      Faith    .   (shield currently unavailable)
rNeg    + . .      Spirit   .   (armour currently unavailable)
rPois   ∞          Reflect  .   (helmet currently unavailable)
rElec   .          Harm     .   (cloak currently unavailable)
rCorr   .          Rampage  .   (gloves currently unavailable)
Will    .....                   (boots currently unavailable)
Stlth   ++........              (no amulet)
HPRegen 0.22/turn               (ring currently unavailable)
MPRegen 0.19/turn               (ring currently unavailable)

@: pig-form, slowed, studying Unarmed Combat
A: fast, no casting, sickness immunity, AC +8, small, negative energy resistance
1, (electricity resistance), torment resistance 1, petrification resistance
a: Renounce Religion


You were on level 12 of the Dungeon.
You worshipped Vehumet.
Vehumet was most pleased with you.
You were a filthy swine.
You visited 2 branches of the dungeon, and saw 13 of its levels.
You also visited: Sewer and Gauntlet.

You collected 670 gold pieces.
You spent 443 gold pieces at shops.

Inventory:

Hand Weapons
 a - a +1 flail of protection
 h - a +1 whip of venom
 r - a +1 vorpal flail (melded)
 I - the +9 great sword of Dominance {vorpal, rF++ Str-4 Dex+7}
   (You took it off a rakshasa on level 11 of the Dungeon)

   It inflicts extra damage upon your enemies.
   Str:       It affects your strength (-4).
   Dex:       It affects your dexterity (+7).
   rF:        It greatly protects you from fire.
Missiles
 c - 252 stones
 F - 4 throwing nets
Armour
 i - a +2 cloak (melded)
 v - a +2 robe of fire resistance
 B - a +2 helmet
 C - a +0 pair of boots
 D - +2 steam dragon scales (melded)
 H - a +2 hat of see invisible (melded)
 K - the +1 pair of boots "Fuusmojo" {rF+ rC+ Int+4}
   (You found it in a Gauntlet)

   Int:       It affects your intelligence (+4).
   rF:        It protects you from fire.
   rC:        It protects you from cold.
Jewellery
 e - a +6 ring of intelligence (melded)
 j - a ring of protection from fire (melded)
 t - a +6 ring of intelligence
 A - the ring "Watisoex" {rPois Str+8 Int+2 Slay-4}
   (You found it in a Gauntlet)

   [ring of poison resistance]

   Str:       It affects your strength (+8).
   Int:       It affects your intelligence (+2).
   Slay:      It affects your accuracy & damage with ranged weapons and melee
   (-4).
   rPois:     It protects you from poison.
Wands
 d - a wand of flame (47)
 f - a wand of polymorph (16)
 k - a wand of digging (10)
 o - a wand of iceblast (2)
 u - a wand of charming (6)
 L - a wand of acid (6)
Scrolls
 n - 2 scrolls of amnesia
 x - a scroll of teleportation
 y - a scroll of magic mapping
 z - a scroll of brand weapon
Potions
 b - 4 potions of curing
 g - 2 potions of berserk rage
 l - 3 potions of might
 m - a potion of heal wounds
 p - 3 potions of brilliance
 q - 3 potions of flight
 s - 5 potions of lignification
 J - a potion of haste
Miscellaneous
 w - a condenser vane
 G - a tin of tremorstones (2/2)


   Skills:
 + Level 7.4 Fighting
 + Level 6.8 Maces & Flails
 - Level 6.0 Armour
 + Level 5.9 Dodging
 - Level 2.1 Stealth
 + Level 8.2 Spellcasting
 + Level 8.9 Conjurations
 - Level 0.7 Transmutations
 + Level 10.8 Earth Magic
 + Level 6.0 Evocations


You had 23 spell levels left.
You knew the following spells:

 Your Spells              Type           Power      Damage    Failure   Level
a - Sandblast             Erth           100%       2d20      1%          1
b - Stone Arrow           Conj/Erth      94%        3d12      1%          3

Your spell library contained the following spells:

 Spells                   Type           Power      Damage    Failure   Level
 Dazzling Flash           Conj/Hex       52%        N/A       1%          3
 Magic Dart               Conj           100%       1d8       1%          1
 Passwall                 Tmut/Erth      25%        N/A       1%          2
 Searing Ray              Conj           88%        2d7       1%          2
 Fulminant Prism          Conj/Hex       13%        3d9       3%          4
 Beastly Appendage        Tmut           22%        N/A       6%          1
 Petrify                  Tmut/Erth      31%        N/A       8%          4
 Animate Skeleton         Necr           16%        N/A       9%          1
 Apportation              Tloc           16%        N/A       9%          1
 Summon Small Mammal      Summ           32%        N/A       9%          1
 Wereblood                Tmut           11%        N/A       10%         2
 Spider Form              Tmut/Pois      4%         N/A       22%         3
 Portal Projectile        Hex/Tloc       16%        N/A       26%         3
 Blade Hands              Tmut           5%         N/A       86%         5
 Excruciating Wounds      Necr           4%         N/A       93%         5


Dungeon Overview and Level Annotations

Branches:
Dungeon (12/15)            Temple (1/1) D:5            Lair (0/6) D:9
    Orc (0/2) D:10          Sewer (visited)         Gauntlet (visited)

Altars:
Ashenzari
Cheibriados
Dithmenos
Elyvilon
Fedhas
Gozag
Hepliaklqana
Kikubaaqudgha
Makhleb
Nemelex Xobeh
Okawaru
Qazlal
Ru
Sif Muna
Trog
Uskayaw
Vehumet
Wu Jian
Xom
Yredelemnul
Zin
The Shining One

Shops:
D:4 !   D:5 [   D:6 [   D:7 ?!*   D:8 ?*:(?   D:9 *

Annotations:
D:7 3 runed translucent doors, exclusion: orange crystal statue, dricus's ghost, novice DjAE
D:11 3 runed translucent doors, dziebel133's ghost, journeyman GrEE
D:12 1 runed translucent door, Kirke


Innate Abilities, Weirdness & Mutations

You are a filthy swine.
You move quickly.
Your equipment is almost entirely melded.
You are incapable of wielding weapons or throwing items.
You cannot cast spells.
You are immune to sickness and miasma.
((Your stone body is resilient. (AC +8)))
You are immune to poison.
You resist negative energy. (rN+)
((You are resistant to electric shocks. (rElec)))
You are resistant to unholy torment.
You are immune to petrification.


Message History

Kirke casts a spell at you.
You struggle to resist.
The lindwurm bites you.
The lindwurm claws you but does no damage. x2
The manticore completely misses you. The manticore closely misses you.
The manticore barely misses you.
Kirke points at you and mumbles some strange words.
You turn into a filthy swine.
Your +1 vorpal flail melds into your body.
Your +2 cloak melds into your body.
Your +2 hat of see invisible melds into your body.
Your +2 steam dragon scales melds into your body.
Your +6 ring of intelligence melds into your body.
Your ring of protection from fire melds into your body.
You feel less perceptive.
You feel stupid. The lindwurm closely misses you. The lindwurm misses you.
The lindwurm closely misses you. The manticore bites you!!
The manticore claws you! The manticore misses you.
You hit Kirke.
Kirke is almost dead.
Kirke closely misses you. The lindwurm barely misses you.
The lindwurm closely misses you. x2; The manticore barely misses you.
The manticore misses you. The manticore claws you.
You hit Kirke.
Kirke is almost dead.
Kirke misses you. The lindwurm bites you. The lindwurm closely misses you.
The lindwurm misses you. The manticore misses you. The manticore claws you!
* * * LOW HITPOINT WARNING * * *
The manticore completely misses you.
You hit Kirke.
Kirke is almost dead.
Kirke hits you.
* * * LOW HITPOINT WARNING * * *
The lindwurm barely misses you. The lindwurm closely misses you.
The lindwurm claws you!
* * * LOW HITPOINT WARNING * * *
The manticore bites you!
* * * LOW HITPOINT WARNING * * *
The manticore claws you!
You die...

*,*,* *,********* *,
+,*,****,,,,,,,.)# ******,
+,*,,,**,*,,,**#.#*********,,,,,,
*,*,>,+,,+,,,,,...,,,,,,,,,,,,,,,
*.#...##.#...#*#.#*******,,,*****
*.....##.#...# #?# *,,,*,,,,
#.#...##.#...###.#######*,,,*,***
#.#...##.#...#.Hk.......,,,,*,,,,
..#...##.#...#.#h#********,,*****
..#...##.#...+.#@# *,,,,,,,
..#...##.#...#.#h######***,******
..#.............hh..h.h.,,,,,,,,,
..#.######.....####h#h..,,,******
#......# ###.#.# *,#,******
#.#.##.# #.#.#***+*+** ******
#.#..#,# #....,,,,,<,* *,,,,,
#....#,****#.....,,,,,,* *,,,,,


You could see Kirke, a manticore (summoned), a lindwurm (summoned) and 3 hogs.

Vanquished Creatures
  Gastronok (D:9)
  A minotaur (Gauntlet)
  A rakshasa (D:11)
  Harold (D:9)
  An anaconda (shapeshifter) (Gauntlet)
  A hydra (D:11)
  4 two-headed ogres
  The ghost of Heedrag the Destroyer, a novice DsCj of Vehumet (D:8)
  Urug (D:11)
  A sixfirhy (Gauntlet)
  Pikel (D:5)
  A wolf spider (shapeshifter) (Gauntlet)
  2 gargoyles
  2 unseen horrors
  A komodo dragon (D:11)
  An efreet (Gauntlet)
  A troll (D:11)
  A hornet (D:9)
  5 wraiths
  2 wyverns
  2 fire elementals (Gauntlet)
  9 yaks
  2 hogs (D:12)
  A basilisk (D:11)
  2 steam dragons (D:8)
  5 vampire mosquitoes (D:10)
  An acid dragon (D:9)
  3 water moccasins
  An orc warrior (D:10)
  3 hell hounds (Gauntlet)
  3 sky beasts
  A black bear (D:4)
  2 necrophages
  2 ogres (D:4)
  6 centaurs
  2 lemures (D:5)
  2 kobold brigands
  6 bullfrogs
  3 scorpions
  Blork the orc (D:5)
  A gnoll sergeant (D:7)
  10 killer bees
  3 wights (D:9)
  A howler monkey (D:6)
  3 centaur zombies
  6 hounds
  6 jellies
  5 orc priests
  3 iguanas
  3 orc wizards
  2 hound skeletons (D:4)
  2 howler monkey zombies
  11 gnolls
  8 adders
  3 river rats
  4 ufetubi (Gauntlet)
  6 worms
  25 orcs
  14 endoplasms
  2 giant cockroaches
  6 goblins
  3 hobgoblins
  4 jackals
  3 quokkas
  13 ball pythons
  3 bats
  A frilled lizard (D:1)
  20 kobolds
  11 rats
269 creatures vanquished.

Vanquished Creatures (collateral kills)
  An adder (D:4)
1 creature vanquished.

Vanquished Creatures (others)
  A demonic plant (Gauntlet)
  5 fungi (D:2)
  7 plants
  9 toadstools (D:2)
  A withered plant (D:4)
23 creatures vanquished.

Grand Total: 293 creatures vanquished

Notes
Turn   | Place    | Note
-------+----------+-------------------------------------------
     0 | D:1      | hfdsek the Gargoyle Earth Elementalist began the quest for
                  | the Orb.
     0 | D:1      | Reached XP level 1. HP: 10/10 MP: 3/3
   302 | D:1      | Found a faded altar of an unknown god.
   416 | D:1      | Reached XP level 2. HP: 15/15 MP: 5/5
   425 | D:1      | Reached skill level 4 in Earth Magic
  1305 | D:2      | Reached XP level 3. HP: 5/19 MP: 2/7
  1357 | D:2      | Reached XP level 4. HP: 10/24 MP: 0/8
  1568 | D:2      | Learned a level 3 spell: Stone Arrow
  1660 | D:2      | Found a glowing silver altar of Zin.
  1891 | D:2      | Reached skill level 5 in Earth Magic
  1897 | D:2      | Reached skill level 1 in Conjurations
  1906 | D:2      | Reached XP level 5. HP: 18/28 MP: 1/10
  2433 | D:2      | Reached XP level 6. HP: 32/32 MP: 8/11
  2805 | D:3      | Found an ancient bone altar of Kikubaaqudgha.
  2950 | D:3      | Found a broken altar of Ashenzari.
  3569 | D:4      | Noticed a black bear
  3575 | D:4      | Killed a black bear
  3576 | D:4      | Reached skill level 6 in Earth Magic
  3607 | D:4      | Reached XP level 7. HP: 36/36 MP: 6/13
  3731 | D:4      | Reached skill level 5 in Spellcasting
  3731 | D:4      | Reached skill level 7 in Earth Magic
  3823 | D:4      | Reached XP level 8. HP: 41/41 MP: 11/15
  3978 | D:4      | Found a glowing drain.
  3985 | Sewer    | Entered a sewer
  4322 | Sewer    | Reached skill level 1 in Fighting
  4500 | D:4      | Reached skill level 1 in Armour
  4637 | D:4      | Found a basalt altar of Yredelemnul.
  4769 | D:4      | Found Nuitsuh's Distillery.
  4775 | D:4      | Bought 2 potions of heal wounds for 140 gold pieces
  4775 | D:4      | Bought a potion of brilliance for 56 gold pieces
  4924 | D:5      | Entered Level 5 of the Dungeon
  4957 | D:5      | Reached skill level 1 in Evocations
  4962 | D:5      | Reached skill level 1 in Maces & Flails
  4962 | D:5      | Reached skill level 5 in Conjurations
  5161 | D:5      | Found an opulent altar of Gozag.
  5165 | D:5      | Noticed Blork the orc
  5183 | D:5      | Killed Blork the orc
  5351 | D:5      | Found Zatocicw's Armour Emporium.
  5439 | D:5      | Found a staircase to the Ecumenical Temple.
  5456 | Temple   | Entered the Ecumenical Temple
  5554 | D:5      | Found a radiant altar of Vehumet.
  5565 | D:5      | Became a worshipper of Vehumet
  5655 | D:5      | Noticed Pikel
  5668 | D:5      | Killed Pikel
  5669 | D:5      | Reached XP level 9. HP: 36/49 MP: 13/17
  6211 | D:6      | Reached skill level 8 in Earth Magic
  6305 | D:6      | Found Nesecei's Armour Shop.
  7097 | D:7      | Found Koanupt's Magic Scroll Boutique.
  7099 | D:7      | Bought a scroll of blinking for 97 gold pieces
  7117 | D:7      | Found a runed translucent door.
  7122 | D:7      | Found the +10 tower shield of Ignorance {rN+ Int-4}
  7141 | D:7      | Found a runed translucent door.
  7148 | D:7      | Noticed an orange crystal statue
  7193 | D:7      | Found Duevvo's Assorted Antiques.
  7217 | D:7      | Bought an emerald potion for 24 gold pieces
  7254 | D:7      | Noticed a gargoyle
  7257 | D:7      | Killed a gargoyle
  7532 | D:7      | Reached XP level 10. HP: 26/56 MP: 14/19
  7674 | D:7      | Killed an unseen horror
  7766 | D:7      | Found Logruh's Distillery.
  7798 | D:7      | Bought a potion of curing for 36 gold pieces
  7798 | D:7      | Bought a potion of heal wounds for 60 gold pieces
  7885 | D:7      | Reached * piety under Vehumet
  7885 | D:7      | Offered knowledge of Magic Dart by Vehumet.
  8015 | D:7      | Found a blossoming altar of Fedhas.
  8128 | D:7      | Found a shimmering altar of Xom.
  8128 | D:7      | Noticed a +2 dagger of chaos
  8128 | D:7      | Noticed dricus's ghost (novice DjAE)
  8129 | D:7      | Found a runed translucent door.
  8147 | D:7      | Found a hazy altar of Hepliaklqana.
  8227 | D:7      | Found an ornate altar of the Wu Jian Council.
  8570 | D:8      | Reached skill level 9 in Earth Magic
  8622 | D:8      | Found Fyish's Elemental Accessories.
  8834 | D:8      | Found a bloodstained altar of Trog.
  8834 | D:8      | Found a shimmering altar of Xom.
  8869 | D:8      | Found Wagaaron's Antique Weapon Boutique.
  8870 | D:8      | Found a runed translucent gate.
  8870 | D:8      | Found a runed translucent gate.
  8876 | D:8      | Found a runed translucent gate.
  8878 | D:8      | Noticed Heedrag's ghost (novice DsCj)
  9179 | D:8      | Found Sabungic's Magic Scroll Shop.
  9277 | D:8      | Found Ykiussar's Book Shoppe.
  9452 | D:8      | Found Sokenut's Magic Scroll Shoppe.
  9455 | D:8      | Bought a scroll of fog for 30 gold pieces
  9582 | D:8      | Reached skill level 5 in Fighting
  9594 | D:8      | Reached skill level 5 in Armour
  9823 | D:8      | Killed Heedrag's ghost
  9833 | D:8      | Reached XP level 11. HP: 51/64 MP: 9/21
 10106 | D:9      | Offered knowledge of Freeze by Vehumet.
 10322 | D:9      | Found Wera's Assorted Antiques.
 10385 | D:9      | Found a staircase to the Lair.
 10397 | D:9      | Reached skill level 5 in Maces & Flails
 10417 | D:9      | Reached ** piety under Vehumet
 10564 | D:9      | Noticed Harold
 10582 | D:9      | Killed Harold
 10591 | D:9      | Noticed Gastronok
 10605 | D:9      | Killed Gastronok
 10877 | D:10     | Entered Level 10 of the Dungeon
 10930 | D:10     | Found a staircase to the Orcish Mines.
 10941 | D:10     | Noticed a two-headed ogre
 10947 | D:10     | Killed a two-headed ogre
 11288 | D:10     | Reached skill level 5 in Evocations
 11290 | D:10     | Reached skill level 5 in Dodging
 11620 | D:10     | Noticed a two-headed ogre
 11626 | D:10     | Killed a two-headed ogre
 11627 | D:10     | Reached skill level 10 in Earth Magic
 11937 | D:10     | Noticed a two-headed ogre
 11941 | D:10     | Killed a two-headed ogre
 11941 | D:10     | Offered knowledge of Dazzling Flash by Vehumet.
 12447 | D:11     | Identified the +0 pair of boots of the Komodo Dragon {-Cast
                  | Regen+ Slay+2 Stlth+}
 12470 | D:11     | Reached XP level 12. HP: 71/71 MP: 16/23
 12705 | D:11     | Found a runed translucent gate.
 12705 | D:11     | Found a runed translucent gate.
 12705 | D:11     | Found a runed translucent gate.
 12705 | D:11     | Noticed a 12-headed hydra
 12705 | D:11     | Noticed a nine-headed hydra
 12706 | D:11     | Noticed dziebel133's ghost (journeyman GrEE)
 12767 | D:11     | Noticed a rakshasa
 12896 | D:11     | Identified the +9 great sword of Dominance {vorpal, rF++
                  | Str-4 Dex+7}
 12919 | D:11     | Killed a rakshasa
 13138 | D:11     | Noticed a five-headed hydra
 13143 | D:11     | Killed a five-headed hydra
 13189 | D:11     | Noticed Urug
 13196 | D:11     | Killed Urug
 13323 | D:11     | Noticed a two-headed ogre
 13327 | D:11     | Killed a two-headed ogre
 13409 | D:11     | Found a sparkling altar of Nemelex Xobeh.
 13532 | D:12     | Reached *** piety under Vehumet
 13545 | D:12     | Noticed a death knight
 13550 | D:12     | Found a gate leading to a gauntlet.
 13551 | D:12     | Found a runed translucent door.
 13554 | Gauntlet | Entered a Gauntlet
 13554 | Gauntlet | Found a transporter.
 13554 | Gauntlet | Found a transporter.
 13554 | Gauntlet | Found a transporter.
 13590 | Gauntlet | Found a transporter.
 13593 | Gauntlet | Found a transporter.
 13602 | Gauntlet | Found a transporter.
 13604 | Gauntlet | Found a transporter.
 13612 | Gauntlet | Found a transporter.
 13630 | Gauntlet | Found a transporter.
 13635 | Gauntlet | Found a transporter.
 13638 | Gauntlet | Found a transporter.
 13649 | Gauntlet | Found a transporter.
 13754 | Gauntlet | Noticed an anaconda
 13754 | Gauntlet | a deep troll changed into an anaconda
 13770 | Gauntlet | Killed an anaconda
 13867 | Gauntlet | Identified the +1 helmet of Dyuhaf {Harm +Blink rCorr
                  | Slay-3}
 13880 | Gauntlet | Identified the ring "Watisoex" {rPois Str+8 Int+2 Slay-4}
 14082 | Gauntlet | Identified the +1 pair of boots "Fuusmojo" {rF+ rC+ Int+4}
 14280 | Gauntlet | Noticed a minotaur
 14287 | Gauntlet | Killed a minotaur
 14335 | Gauntlet | Identified the +1 ring mail of Lyxzit {Int+4}
 14395 | D:12     | HP: 2/72 [death knight (11)]
 14637 | D:12     | Noticed Kirke
 14656 | D:12     | HP: 3/72 [manticore[Kirke] (8)]
 14656 | D:12     | Mangled by a manticore

Illustrated notes

Levels and vault maps discovered:
D:1:      ebering_trefoil_3fold, layout_basic,
          hellmonk_ecumenical_altar_heavens_door,
          chequers_serial_rivers_micro_c, hex_tiny, minmay_misc_feat_iff,
          roderic_st_hans_cross
D:2:      cheibrodos_fertilizer, layout_basic, serial_forest,
          infiniplex_forest_lined_2, infiniplex_forest_clump_small,
          infiniplex_forest_zigzag_1, infiniplex_forest_clump_cross,
          infiniplex_forest_corner_2, infiniplex_forest_lined_room_3,
          basic_altar
D:3:      layout_basic, old_standard_altar, evilmike_ruin_ashenzari
D:4:      layout_cave_pools, yredelemnul_altar_generic, serial_shops,
          nicolae_shop_trees, portal_sewer_entry_e
D:5:      layout_basic, grunt_gozag_breadcrumbs, mainiacjoe_overflow_alcove_1,
          minmay_temple_entry_statues_pillars, serial_shops, shop,
          serial_bayou_crossing, uniq_blork_the_orc, uniq_pikel
D:6:      layout_basic, serial_shops, shop
D:7:      layout_loops_ring, pdpol_wu_jian_five_deadly_venoms,
          worldfamousw_hep_ancestral_shrine, general_overflow_altar,
          serial_shops, shop, shop, nicolae_shop_statue_plus, ebering_ghost_xom,
          chequers_guarded_unrand_ignorance
D:8:      layout_basic, mainiacjoe_overflow_large_starburst,
          gammafunk_ghost_spectres, serial_shops, nicolae_shop_behind_doors,
          nicolae_shop_statue_plus, shop_statue, nicolae_shop_behind_doors,
          nicolae_elemental_shop
D:9:      layout_rooms, lair_entry_dummy, serial_shops, kennysheep_little_box,
          uniq_gastronok, uniq_harold
D:10:     layout_stronghold, david_orc_2
D:11:     layout_rooms, gammafunk_ghost_hydra_chop, nemelex_lonely_heart_becter,
          uniq_urug
D:12:     layout_basic, ebering_ghost_reflecting_pool, gauntlet_entry_generic,
          nicolae_looking_at_the_future, uniq_kirke
Temple:   minmay_temple_bridge_abc

Skill      XL: |  1  2  3  4  5  6  7  8  9 10 11 12 |
---------------+-------------------------------------+-----
Earth Magic    | 4 5 6 7 8 9 10 | 10.8
Spellcasting   | 3 4 5 6 7 8 |  8.2
Conjurations   | 1 2 3 4 5 6 7 8 |  8.9
Fighting       | 2 3 5 6 7 |  7.4
Armour         | 2 3 5 6 |  6.0
Evocations     | 2 3 4 5 6 |  6.0
Maces & Flails | 2 3 4 5 6 |  6.8
Dodging        | 2 3 4 5 |  5.9
Stealth        | |  2.1
Transmutations | |  0.7

Action                   |  1- 3 |  4- 6 |  7- 9 | 10-12 || total
-------------------------+-------+-------+-------+-------++-------
Melee: Flail             |    33 |     6 |       |   159 ||   198
       Whip              |       |   103 |   300 |   156 ||   559
       Unarmed           |       |       |       |     3 ||     3
 Cast: Sandblast         |    17 |    23 |    56 |    49 ||   145
       Stone Arrow       |       |       |     5 |   139 ||   144
Evoke: Wand              |       |       |     3 |    19 ||    22
  Use: Potion            |     1 |       |     1 |     9 ||    11
       Scroll            |       |     6 |    13 |    10 ||    29
 Stab: Sleeping          |     4 |     3 |     1 |     2 ||    10
Armor: Robe              |     9 |    44 |   160 |    71 ||   284
       Steam dragon scal |       |       |       |   205 ||   205
Dodge: Dodged            |    26 |    77 |   230 |   307 ||   640

Table legend: (Time is in decaauts)
 A = Elapsed time spent in this place.
 B = Non-inter-level travel time spent in this place.
 C = Inter-level travel time spent in this place.
 D = Time resting spent in this place.
 E = Time spent auto-exploring this place.
 F = Levels seen in this place.
 G = Mean time per level.
                   A        B        C        D        E       F      G
               +--------+--------+--------+--------+--------+-----+--------+
         Total |  14773 |  14388 |    385 |   1000 |  10630 |  15 |  984.9 |
       Dungeon |  13298 |  12933 |    365 |    593 |  10004 |  12 | 1108.2 |
        Temple |     63 |     43 |     20 |      0 |     19 |   1 |   63.0 |
         Sewer |    575 |    575 |      0 |      0 |    374 |   1 |  575.0 |
      Gauntlet |    836 |    836 |      0 |    407 |    232 |   1 |  836.0 |
               +--------+--------+--------+--------+--------+-----+--------+

Top non-repeatable levels by time:
     D:8: 1740 daAuts
     D:2: 1610 daAuts
    D:10: 1429 daAuts
     D:7: 1244 daAuts
    D:11: 1224 daAuts
     D:5: 1214 daAuts
     D:1: 1113 daAuts
     D:3: 913 daAuts
     D:6: 900 daAuts
Gauntlet: 836 daAuts
     D:4: 811 daAuts
     D:9: 796 daAuts
   Sewer: 575 daAuts
    D:12: 300 daAuts
  Temple: 63 daAuts
